[Event "Saturday Apr 14 Engine Tour 9 Rd Swiss 12m+1s Starts at 1600hrs ST"]
[Site "Infinity Chess"]
[Date "2018.4.14"]
[Round "2"]
[White "Gilgamesch"]
[Black "Murx"]
[Result "1/2-1/2"]
[ECO "B13"]
[WhiteElo "2470"]
[BlackElo "2467"]
[WhiteEngine "BrainFish_180408_x64_bmi2"]
[BlackEngine "asmFishW_2018-04-07_popcnt"]
[EventType "Swiss"]
[WhiteTeam ""]
[BlackTeam ""]
[PlyCount "172"]
[TimeControl "720+1"]

1. e4 c6 2. d4 d5 3. exd5 cxd5 4. Bd3 Nc6 5. c3 e5 6. dxe5 Nxe5 7. Qe2 Qe7 
8. Be3 Nxd3+ 9. Qxd3 Qc7 10. Qxd5 Nf6 11. Qd3 Bd6 12. Nd2 O-O 13. Ngf3 Re8 
14. Nc4 Bf8 15. O-O b6 16. Ncd2 Bb7 17. Rfe1 Nd5 18. Bd4 f6 19. Be3 Qf7 
20. Nb3 Rad8 21. Nbd4 Bc5 22. b4 Bd6 23. Bd2 Ne7 24. a3 Bb8 25. Qc2 Nc6 
26. Nxc6 Bxc6 27. Rxe8+ Rxe8 28. Qf5 Be4 29. Qh3 Bg6 30. Rf1 Qd5 31. Re1 Rd8 
32. Nd4 Qa2 33. Bc1 Be5 34. Nc6 Qe2 35. Qe3 Qxe3 36. Bxe3 Bxc3 37. Nxd8 Bxe1 
38. Nc6 Bd3 39. Nxa7 b5 40. Nc6 Kf7 41. Nd4 Bc3 42. Nb3 Bc4 43. Nc5 g5 
44. f3 Kg6 45. Kf2 h5 46. Bc1 Bd4+ 47. Be3 Bc3 48. g3 g4 49. fxg4 hxg4 
50. Ne4 Bb2 51. Nd6 Bd3 52. Bd2 Bd4+ 53. Ke1 f5 54. Bf4 Bc3+ 55. Kd1 Kf6 
56. Ne8+ Kf7 57. Nc7 Bc4 58. Kc2 Bd4 59. Kd2 Bg1 60. Kc3 Be2 61. Kd2 Bc4 
62. Kc2 Bf1 63. Nd5 Ke6 64. Ne3 Be2 65. Kd2 Bf3 66. Ke1 Bxe3 67. Bxe3 Kd5 
68. Kd2 Kc4 69. Bf4 Kb3 70. Kd3 Kxa3 71. Kc3 Bd5 72. Bd6 Be4 73. Bc5 Ka2 
74. Be3 Ka3 75. Bb6 Bb7 76. Be3 Bf3 77. Bd2 Bg2 78. Bc1+ Ka2 79. Be3 Bc6 
80. Kd4 Kb3 81. Kc5 Be8 82. Bd2 Bd7 83. Be1 Be8 84. Bd2 Bd7 85. Bf4 Ka3 
86. Bd2 Kb3 1/2-1/2

[Event "Saturday Apr 14 Engine Tour 9 Rd Swiss 12m+1s Starts at 1600hrs ST"]
[Site "Infinity Chess"]
[Date "2018.4.14"]
[Round "2"]
[White "hafaba"]
[Black "MCDermont"]
[Result "1/2-1/2"]
[ECO "C55"]
[WhiteElo "2471"]
[BlackElo "2480"]
[WhiteEngine "Eman 1.70-beta18x 64-bit POPCNT_CTG"]
[BlackEngine "BrainFish 090218"]
[EventType "Swiss"]
[WhiteTeam ""]
[BlackTeam ""]
[PlyCount "86"]
[TimeControl "720+1"]

1. e4 e5 2. Nf3 Nc6 3. Bc4 Nf6 4. d3 Bc5 5. O-O d6 6. c3 O-O 7. Bg5 h6 8. Bh4 g5 
9. Bg3 a6 10. a4 Ba7 11. Nbd2 Nh7 12. h3 h5 13. Kh1 Kh8 14. b4 h4 15. Bh2 g4 
16. hxg4 Bxg4 17. b5 Na5 18. Ba2 Qf6 19. d4 Rae8 20. Qb1 Qh6 21. Qd3 f5 
22. exf5 Bxf5 23. Qe3 Qh5 24. Nxe5 Nf6 25. Bf7 Rxf7 26. Nxf7+ Qxf7 27. Qh6+ Kg8 
28. Qxh4 Rf8 29. Rae1 Qh7 30. Qxh7+ Bxh7 31. Re3 Bb6 32. Rfe1 Bc2 33. Rg3+ Kf7 
34. Rf3 Bxa4 35. bxa6 bxa6 36. Ne4 Kg6 37. Rg3+ Kh6 38. Nxf6 Rxf6 39. Re7 Bb3 
40. Rh3+ Kg6 41. Rg3+ Kh6 42. Rh3+ Kg6 43. Rg3+ Kh6 1/2-1/2

[Event "Saturday Apr 14 Engine Tour 9 Rd Swiss 12m+1s Starts at 1600hrs ST"]
[Site "Infinity Chess"]
[Date "2018.4.14"]
[Round "2"]
[White "Thor"]
[Black "Susanne"]
[Result "1/2-1/2"]
[ECO "B32"]
[WhiteElo "2485"]
[BlackElo "2499"]
[WhiteEngine "asmFishW_2018-04-08_bmi2"]
[BlackEngine "BrainFish_180411_x64_bmi2_CTG"]
[EventType "Swiss"]
[WhiteTeam ""]
[BlackTeam ""]
[PlyCount "90"]
[TimeControl "720+1"]

1. e4 c5 2. Nf3 Nc6 3. d4 cxd4 4. Nxd4 e5 5. Nb5 d6 6. N1c3 a6 7. Na3 b5 
8. Nd5 Nf6 9. Bg5 Be7 10. Bxf6 Bxf6 11. c3 Rb8 12. Nc2 Bg5 13. a4 bxa4 
14. Ncb4 Nxb4 15. Nxb4 Bd7 16. Bxa6 Qa5 17. Qxd6 Rb6 18. Qd3 Be6 19. Bc4 Rxb4 
20. Bxe6 Rd4 21. Qf3 O-O 22. Bd5 Bd2+ 23. Kf1 Qb5+ 24. c4 Qxb2 25. Rxa4 Rxd5 
26. exd5 Qb1+ 27. Ke2 Qc2 28. Qd3 Qxa4 29. Kxd2 Qa7 30. Ke2 Qa2+ 31. Ke3 f5 
32. d6 Qa7+ 33. c5 Qxc5+ 34. Ke2 Qc6 35. Rd1 Qxg2 36. Qc4+ Kh8 37. d7 Rd8 
38. Rd2 f4 39. Qd5 Qg4+ 40. f3 Qg1 41. Qxe5 Qg2+ 42. Ke1 Qg1+ 43. Ke2 Qg2+ 
44. Ke1 Qh1+ 45. Ke2 Qg2+ 1/2-1/2

[Event "Saturday Apr 14 Engine Tour 9 Rd Swiss 12m+1s Starts at 1600hrs ST"]
[Site "Infinity Chess"]
[Date "2018.4.14"]
[Round "2"]
[White "KRAKEN"]
[Black "THE_MACHINE"]
[Result "1/2-1/2"]
[ECO "E10"]
[WhiteElo "2506"]
[BlackElo "2555"]
[WhiteEngine "Raubfisch X38b_CTG"]
[BlackEngine "BrainFish_180411_x64_bmi2"]
[EventType "Swiss"]
[WhiteTeam ""]
[BlackTeam ""]
[PlyCount "110"]
[TimeControl "720+1"]

1. d4 Nf6 2. c4 e6 3. Nf3 d5 4. Nc3 dxc4 5. e4 Bb4 6. Bg5 c5 7. Bxc4 cxd4 
8. Nxd4 Bxc3+ 9. bxc3 Qa5 10. Bb5+ Bd7 11. Bxf6 gxf6 12. Bxd7+ Nxd7 13. O-O a6 
14. Rb1 Qc7 15. Qh5 Nc5 16. Rb4 Qe5 17. Qh6 Rc8 18. Nf3 Qxc3 19. Rd4 Ke7 
20. e5 Nd7 21. exf6+ Nxf6 22. h3 Rhd8 23. Rxd8 Rxd8 24. Rc1 Qa5 25. Qf4 Rd7 
26. g3 h5 27. Kg2 Rd6 28. Rc8 Qd5 29. Qb4 b6 30. Qf4 a5 31. Qh6 e5 32. Qf8+ Ke6 
33. Qh6 Rd8 34. Rc2 Ke7 35. Qe3 e4 36. Nd2 Qd6 37. Nf1 Qe6 38. a4 h4 39. Rb2 Rd6 
40. gxh4 Nd5 41. Qg5+ f6 42. Qg7+ Qf7 43. Qh8 Qg6+ 44. Kh2 Nf4 45. Ng3 Rd8 
46. h5 Qxg3+ 47. Kxg3 Rxh8 48. Kxf4 Rxh5 49. Rxb6 Rxh3 50. Kxe4 f5+ 
51. Kxf5 Rf3+ 52. Ke4 Rxf2 53. Rb1 Re2+ 54. Kd3 Ra2 55. Rb5 Ra1 1/2-1/2

[Event "Saturday Apr 14 Engine Tour 9 Rd Swiss 12m+1s Starts at 1600hrs ST"]
[Site "Infinity Chess"]
[Date "2018.4.14"]
[Round "2"]
[White "ocirema"]
[Black "RonWeasley"]
[Result "1/2-1/2 "]
[ECO "C08"]
[WhiteElo "2438"]
[BlackElo "2484"]
[WhiteEngine "asmFishW_2018-04-08_popcnt_CTG"]
[BlackEngine "BrainFish 090218_CTG"]
[EventType "Swiss"]
[WhiteTeam ""]
[BlackTeam ""]
[PlyCount "154"]
[TimeControl "720+1"]

1. e4 e6 2. d4 d5 3. Nd2 c5 4. exd5 exd5 5. Ngf3 Nf6 6. Bb5+ Bd7 7. Bxd7+ Nbxd7 
8. O-O Be7 9. dxc5 Nxc5 10. Nb3 Nce4 11. Nfd4 Nd6 12. Re1 O-O 13. c3 Re8 
14. Qc2 Nc4 15. Bg5 Qb6 16. Nf5 Bf8 17. Ne3 Qd6 18. Qf5 Nxe3 19. Bxe3 Re5 
20. Qf3 Rae8 21. h3 Qd7 22. Nd4 a6 23. Red1 Bc5 24. Rd3 Bb6 25. Rf1 Qa4 
26. a3 Qd7 27. Qd1 h6 28. Qb3 Bc7 29. Bf4 R5e7 30. Bxc7 Qxc7 31. Qc2 Re1 
32. Rd1 R1e5 33. Rd2 Qc4 34. Qc1 Qc5 35. Nc2 Ne4 36. Rd3 Nd6 37. a4 Qc6 
38. b3 Ne4 39. Nd4 Qg6 40. Re3 Nc5 41. Rxe5 Rxe5 42. Qd2 Re8 43. a5 Ne4 
44. Qd3 Rc8 45. Rc1 Qd6 46. Rc2 g6 47. b4 Qf6 48. f3 Ng3 49. Qe3 h5 50. Rc1 h4 
51. Rd1 b6 52. Ra1 b5 53. Rd1 Rc7 54. Qd2 Rc8 55. Qe3 Rc7 56. Qd2 Kh7 
57. Re1 Rc8 58. Qe3 Kg7 59. Rd1 Kg8 60. Qd2 Nh5 61. Ne2 Ng3 62. Nd4 Kh7 
63. Qe3 Rc7 64. Qd2 Nh5 65. Ne2 Qe5 66. Kf2 Ng3 67. Nd4 Nh5 68. Ne2 Ng3 
69. Nd4 Kg7 70. Re1 Qf6 71. Kg1 Nf5 72. Nxf5+ Qxf5 73. Re8 Qf6 74. Re3 Qf4 
75. Qf2 Qg5 76. Rd3 Rc4 77. Qe2 d4 1/2-1/2

[Event "Saturday Apr 14 Engine Tour 9 Rd Swiss 12m+1s Starts at 1600hrs ST"]
[Site "Infinity Chess"]
[Date "2018.4.14"]
[Round "1"]
[White "RonWeasley"]
[Black "ivrdurant"]
[Result "1-0"]
[ECO "A40"]
[WhiteElo "2471"]
[BlackElo "2386"]
[WhiteEngine "BrainFish 090218_CTG"]
[BlackEngine "Raubfisch X38b_CTG"]
[EventType "Swiss"]
[WhiteTeam ""]
[BlackTeam ""]
[PlyCount "156"]
[TimeControl "720+1"]

1. d4 e6 2. e4 d5 3. e5 c5 4. c3 Nc6 5. Nf3 Qb6 6. a3 c4 7. Nbd2 Na5 8. Be2 Bd7 
9. O-O Ne7 10. Rb1 Qc7 11. Re1 h6 12. h3 Nc8 13. Nf1 Nb6 14. Qd2 O-O-O 
15. Qf4 Ba4 16. Bd1 Bxd1 17. Rxd1 Rh7 18. Be3 g6 19. Qg4 Kb8 20. Re1 Be7 
21. N3d2 Rdh8 22. f4 Rg7 23. Qd1 Rhg8 24. Nf3 Nd7 25. Qc2 Rh8 26. Bf2 Rgg8 
27. Re2 Qd8 28. Qd1 Nb6 29. N3d2 g5 30. fxg5 Bxg5 31. Nf3 Nc8 32. Bg3 h5 
33. Nxg5 Qxg5 34. h4 Qd8 35. Rf2 Rg7 36. Qe1 Ne7 37. Rf3 Ng6 38. Qf2 Rhh7 
39. Rf6 Qg8 40. Kh2 Nb3 41. Ne3 Qd8 42. Bf4 Nxf4 43. Rxf4 Na5 44. g3 Nc6 
45. Qc2 Qg8 46. Rf3 Qe8 47. Rbf1 Rh8 48. Qf2 Rhh7 49. Ng2 Ne7 50. Nf4 Rh8 
51. Nh3 Nf5 52. Rxf5 exf5 53. Qxf5 Rhg8 54. Ng5 Qb5 55. Qf2 a6 56. Qe2 Qd7 
57. Rf4 Qb5 58. Kg2 Ka7 59. Rf2 Rxg5 60. hxg5 Rxg5 61. Rxf7 Rg6 62. Qxh5 Qxb2+ 
63. Rf2 Qb6 64. Qf3 Rg7 65. Qf6 Qc7 66. Qf8 Rd7 67. Rf6 Rd8 68. Rf7 Qb6 
69. Qb4 a5 70. Qxb6+ Kxb6 71. g4 a4 72. Kf3 Rg8 73. Kf4 Kc6 74. Rf6+ Kd7 
75. Kf5 Rh8 76. Rf7+ Ke8 77. Rxb7 Rh3 78. Ke6 Kf8 1-0

[Event "Saturday Apr 14 Engine Tour 9 Rd Swiss 12m+1s Starts at 1600hrs ST"]
[Site "Infinity Chess"]
[Date "2018.4.14"]
[Round "1"]
[White "star99"]
[Black "Gilgamesch"]
[Result "1/2-1/2"]
[ECO "C65"]
[WhiteElo "2391"]
[BlackElo "2473"]
[WhiteEngine "Cryptic Heroes 9.4B"]
[BlackEngine "BrainFish_180408_x64_bmi2"]
[EventType "Swiss"]
[WhiteTeam ""]
[BlackTeam ""]
[PlyCount "102"]
[TimeControl "720+1"]

1. e4 e5 2. Nf3 Nc6 3. Bb5 Nf6 4. d3 Bc5 5. Bxc6 dxc6 6. Nbd2 Nd7 7. O-O O-O 
8. Nc4 Re8 9. h3 a5 10. Bd2 a4 11. b4 Ba7 12. a3 b5 13. Na5 Nb8 14. Qe2 Bb6 
15. Rfc1 c5 16. c4 cxb4 17. axb4 Ba6 18. Be3 h6 19. Ra3 Nd7 20. Qb2 Qf6 
21. Bxb6 Qxb6 22. Nh4 c5 23. Nf5 Re6 24. Qd2 Kh7 25. Ne3 cxb4 26. Qxb4 Rc8 
27. Rb1 Qa7 28. Qe1 Rb8 29. Rb4 Qc5 30. Ra2 Qf8 31. cxb5 Bxb5 32. Nac4 Ree8 
33. Qc3 f6 34. Rab2 Qc5 35. Rc2 Bc6 36. Rbb2 Rb5 37. Rxb5 Bxb5 38. Qa1 Rb8 
39. Nf5 Qb4 40. Ncd6 Nc5 41. Qc1 Ne6 42. Rc7 Nxc7 43. Qxc7 Rg8 44. Ne7 Bxd3 
45. Nxg8 Qe1+ 46. Kh2 Qxf2 47. Nf5 Qf4+ 48. Kg1 Qf1+ 49. Kh2 Qf4+ 50. Kg1 Qf1+ 
51. Kh2 Qf4+ 1/2-1/2

[Event "Saturday Apr 14 Engine Tour 9 Rd Swiss 12m+1s Starts at 1600hrs ST"]
[Site "Infinity Chess"]
[Date "2018.4.14"]
[Round "1"]
[White "hafaba"]
[Black "OlivierEvan"]
[Result "1/2-1/2"]
[ECO "B28"]
[WhiteElo "2474"]
[BlackElo "2394"]
[WhiteEngine "Eman 1.70-beta18x 64-bit POPCNT_CTG"]
[BlackEngine "Houdini 6"]
[EventType "Swiss"]
[WhiteTeam ""]
[BlackTeam ""]
[PlyCount "123"]
[TimeControl "720+1"]

1. e4 c5 2. Nf3 a6 3. Nc3 e6 4. d4 cxd4 5. Nxd4 Qc7 6. Bd3 Nc6 7. Be3 Nf6 
8. O-O b5 9. Nxc6 Qxc6 10. Be2 Bd6 11. Qd4 Bb7 12. Rfd1 Be7 13. a3 Rc8 
14. Qe5 d6 15. Qg3 O-O 16. Rd3 Rfd8 17. Bh6 Ne8 18. Rad1 Bf6 19. Bf4 Qc7 
20. Bg5 Bxg5 21. Qxg5 h6 22. Qe3 Nf6 23. Bf3 Rd7 24. g3 Ne8 25. Bg2 Qc5 
26. Qxc5 Rxc5 27. Rd4 g6 28. f3 Kg7 29. Bf1 e5 30. R4d2 Rdc7 31. Bd3 f5 
32. Re1 fxe4 33. Nxe4 Bxe4 34. Bxe4 Nf6 35. c3 d5 36. Bb1 Re7 37. Rde2 Nd7 
38. Kf2 Kf6 39. h4 Rc6 40. g4 Rce6 41. h5 g5 42. Bf5 Rd6 43. a4 bxa4 
44. Bxd7 Rdxd7 45. Ra1 a5 46. Rxa4 Ra7 47. b3 Reb7 48. Ra3 Rc7 49. Ra4 Rxc3 
50. b4 d4 51. bxa5 Ra6 52. Rb2 e4 53. fxe4 Ke5 54. Rd2 Rf6+ 55. Kg2 Rf4 
56. a6 Rxg4+ 57. Kf2 Rh4 58. Rdxd4 Rc2+ 59. Kg3 Rc3+ 60. Kf2 Rc2+ 61. Kg3 Rc3+ 
62. Kf2 1/2-1/2

[Event "Saturday Apr 14 Engine Tour 9 Rd Swiss 12m+1s Starts at 1600hrs ST"]
[Site "Infinity Chess"]
[Date "2018.4.14"]
[Round "1"]
[White "ocirema"]
[Black "Seliga"]
[Result "1-0"]
[ECO "D02"]
[WhiteElo "2420"]
[BlackElo "2474"]
[WhiteEngine "asmFishW_2018-04-08_popcnt_CTG"]
[BlackEngine "SF9 ''A5x''_CTG"]
[EventType "Swiss"]
[WhiteTeam ""]
[BlackTeam ""]
[PlyCount "122"]
[TimeControl "720+1"]

1. d4 d5 2. Nf3 Nf6 3. c4 e6 4. Nc3 c6 5. Bg5 h6 6. Bh4 dxc4 7. e4 g5 8. Bg3 b5 
9. Be2 Bb7 10. h4 g4 11. Ne5 Nbd7 12. Nxd7 Qxd7 13. Be5 Qe7 14. O-O Rg8 
15. Re1 O-O-O 16. a4 b4 17. Bxc4 bxc3 18. bxc3 Nh5 19. Rb1 Bg7 20. Bh2 g3 
21. fxg3 Nf6 22. Kh1 Bh8 23. Qf3 Rd7 24. a5 Kd8 25. Bg1 Rc7 26. Be3 Ng4 
27. a6 Bc8 28. e5 Nxe3 29. Qxe3 Bg7 30. Rb8 Rf8 31. Kh2 Re8 32. Qd3 Rh8 
33. Qe2 Re8 34. Qa2 Kd7 35. Be2 Rd8 36. Rf1 f5 37. Bh5 Bf8 38. Qc4 Bg7 
39. Qa4 Rf8 40. Rd1 Kd8 41. Qa5 f4 42. Ra8 fxg3+ 43. Kxg3 Bf6 44. exf6 Rxf6 
45. Qe5 Rf5 46. Qe2 Qf6 47. Bg4 Rg7 48. Kh3 Qg6 49. d5 cxd5 50. Qc4 Rc7 
51. Qb4 Rff7 52. Qd6+ Rfd7 53. Qf8+ Qe8 54. Qxh6 Rg7 55. Qf6+ Qe7 56. Qxe6 Qxe6 
57. Bxe6 Rxc3+ 58. Kh2 Rc2 59. Bxc8 Rgxg2+ 60. Kh3 Rh2+ 61. Kg3 Kc7 1-0

[Event "Saturday Apr 14 Engine Tour 9 Rd Swiss 12m+1s Starts at 1600hrs ST"]
[Site "Infinity Chess"]
[Date "2018.4.14"]
[Round "1"]
[White "MCDermont"]
[Black "Thinker"]
[Result "1/2-1/2"]
[ECO "C50"]
[WhiteElo "2482"]
[BlackElo "2434"]
[WhiteEngine "BrainFish 090218"]
[BlackEngine "BrainFish_180408_x64_modern_CTG"]
[EventType "Swiss"]
[WhiteTeam ""]
[BlackTeam ""]
[PlyCount "162"]
[TimeControl "720+1"]

1. e4 e5 2. Nf3 Nc6 3. Bc4 Bc5 4. O-O Nf6 5. d3 O-O 6. c3 d6 7. Nbd2 a6 
8. a4 Ba7 9. h3 Ne7 10. Re1 Ng6 11. d4 c6 12. Bf1 Re8 13. Qc2 Qc7 14. dxe5 Nxe5 
15. Nxe5 dxe5 16. a5 h6 17. Nf3 Qe7 18. Bd2 Nh7 19. Qc1 Nf8 20. b4 Be6 
21. c4 Rad8 22. c5 Bb8 23. Bc3 Ng6 24. g3 f6 25. Rd1 Qf7 26. Rxd8 Rxd8 
27. Qe1 f5 28. Rd1 Rf8 29. Bg2 fxe4 30. Nd2 e3 31. Qxe3 Ne7 32. Ne4 Nd5 
33. Qe2 Bf5 34. Bd2 Bg6 35. f3 Re8 36. Kh2 Rf8 37. Kg1 Bc7 38. Be1 Qe7 
39. Kh2 Qf7 40. Qc4 Bf5 41. Qb3 Be6 42. Qd3 Qh5 43. Bf2 Qg6 44. Qe2 Nf6 
45. Be1 Nd5 46. Bf2 Nf6 47. Rd2 Qf7 48. Qe1 Bd5 49. Qd1 Kh8 50. Be1 Qe6 
51. h4 Qf7 52. Qe2 Kg8 53. Bh3 Nh5 54. Nd6 Bxd6 55. cxd6 Nf6 56. Qxe5 Re8 
57. Qa1 Bxf3 58. d7 Rd8 59. Rf2 Bd5 60. Qb2 Qg6 61. Qd4 Nxd7 62. Bc3 Rf8 
63. Bf5 Rxf5 64. Rxf5 Nf6 65. Qd3 Be4 66. Qc4+ Kh7 67. Rf4 Bd5 68. Qe2 Nh5 
69. Rg4 Qb1 70. Be1 Qa1 71. Kg1 Kg8 72. Qe8+ Kh7 73. Qe3 Qb2 74. Qf2 Qe5 
75. Rd4 Nf6 76. g4 Qe7 77. Rf4 Qe6 78. Qg3 Qe2 79. Qf2 Qe6 80. Qc2+ Kg8 
81. Qf2 Kh7 1/2-1/2

[Event "Saturday Apr 14 Engine Tour 9 Rd Swiss 12m+1s Starts at 1600hrs ST"]
[Site "Infinity Chess"]
[Date "2018.4.14"]
[Round "1"]
[White "localhero"]
[Black "Thor"]
[Result "1/2-1/2"]
[ECO "B32"]
[WhiteElo "2435"]
[BlackElo "2487"]
[WhiteEngine "asmFishW_2017-10-04_popcnt"]
[BlackEngine "asmFishW_2018-04-08_bmi2"]
[EventType "Swiss"]
[WhiteTeam ""]
[BlackTeam ""]
[PlyCount "103"]
[TimeControl "720+1"]

1. e4 c5 2. Nf3 Nc6 3. d4 cxd4 4. Nxd4 e5 5. Nb5 d6 6. N1c3 a6 7. Na3 b5 
8. Nd5 Nf6 9. Bg5 Be7 10. Bxf6 Bxf6 11. c3 O-O 12. Nc2 Be6 13. a4 bxa4 
14. Rxa4 a5 15. Bc4 Bg5 16. O-O Ne7 17. Nce3 Nc8 18. Ra1 Rb8 19. Qe2 g6 
20. h3 Nb6 21. Nxb6 Bxe3 22. Bxe6 Bxb6 23. Bd5 Kh8 24. Ra4 Qd7 25. b3 Rbc8 
26. Qa6 Qd8 27. Qd3 f5 28. exf5 gxf5 29. b4 e4 30. Qd2 axb4 31. cxb4 Qf6 
32. Ra6 Rb8 33. Rd1 Rfe8 34. Kh1 f4 35. Qc2 e3 36. fxe3 fxe3 37. Bf3 Qf4 
38. Qb2+ Qe5 39. Qe2 Rec8 40. Qa2 Bd4 41. Ra4 Bc3 42. Ra7 Qg3 43. Qb1 Bg7 
44. b5 Rf8 45. Rd5 e2 46. Bxe2 Rf2 47. Qe4 Rbf8 48. Rd1 R8f4 49. Qa8+ Rf8 
50. Qe4 R8f4 51. Qa8+ Rf8 52. Qe4 1/2-1/2

[Event "Saturday Apr 14 Engine Tour 9 Rd Swiss 12m+1s Starts at 1600hrs ST"]
[Site "Infinity Chess"]
[Date "2018.4.14"]
[Round "1"]
[White "Susanne"]
[Black "Time_bandit"]
[Result "1/2-1/2 "]
[ECO "C55"]
[WhiteElo "2501"]
[BlackElo "2454"]
[WhiteEngine "BrainFish_180411_x64_bmi2_CTG"]
[BlackEngine "asmFishW_2018-02-02_popcnt"]
[EventType "Swiss"]
[WhiteTeam ""]
[BlackTeam ""]
[PlyCount "199"]
[TimeControl "720+1"]

1. e4 e5 2. Nf3 Nc6 3. Bc4 Nf6 4. d3 Bc5 5. c3 d6 6. O-O a5 7. Nbd2 O-O 
8. Re1 h6 9. Nf1 a4 10. Ng3 Ra5 11. h3 Bb6 12. Rb1 Be6 13. Bxe6 fxe6 
14. Be3 Bxe3 15. Rxe3 Nh7 16. Nf1 Ra8 17. Rc1 Qf6 18. Qe2 Qg6 19. N1d2 Ra5 
20. Nh4 Qe8 21. Rg3 g5 22. Nhf3 Nf6 23. Nh2 Ne7 24. d4 exd4 25. cxd4 Nc6 
26. Rd3 Qg6 27. Ng4 Nxg4 28. hxg4 d5 29. Rd1 Rf4 30. g3 Rf6 31. exd5 exd5 
32. Nf1 Ra8 33. Ne3 Qe4 34. R1d2 Raf8 35. Nf5 h5 36. f3 Qxe2 37. Rxe2 Kf7 
38. Rde3 Rh8 39. Kg2 hxg4 40. fxg4 Kg6 41. a3 Rf7 42. b4 Rfh7 43. b5 Rh2+ 
44. Kf3 Rxe2 45. Kxe2 Na7 46. b6 Nb5 47. Re6+ Kf7 48. Re7+ Kf6 49. Kd3 Rc8 
50. bxc7 Nxa3 51. Rd7 Nc4 52. Kc2 Ke6 53. Re7+ Kf6 54. Rh7 Ke6 55. Kc3 b5 
56. Rg7 a3 57. Kb3 b4 58. Kxb4 a2 59. Rg6+ Kd7 60. Ra6 Rxc7 61. Rxa2 Nd6 
62. Ra5 Rc4+ 63. Kb3 Nxf5 64. Rxd5+ Kc6 65. Rxf5 Rxd4 66. Rxg5 Kd6 67. Kc3 Rd1 
68. Rf5 Ke6 69. Rf3 Ra1 70. Kd3 Ra4 71. g5 Ra5 72. Rf6+ Ke7 73. Ke4 Rxg5 
74. Rf3 Rg8 75. Rb3 Kf6 76. Kf4 Kg6 77. Kg4 Kf6+ 78. Kf3 Rf8 79. Kf4 Kg6+ 
80. Kg4 Rf6 81. Rb1 Rf7 82. Ra1 Rb7 83. Ra6+ Kh7 84. Ra1 Rb4+ 85. Kf3 Rb3+ 
86. Kg2 Rb2+ 87. Kf1 Kg6 88. Ra6+ Kf5 89. Ra4 Kg6 90. Rg4+ Kf5 91. Ra4 Rc2 
92. Rf4+ Kg5 93. Rd4 Kh5 94. Kg1 Kh6 95. Rd5 Kg6 96. Kf1 Rb2 97. Rd6+ Kh5 
98. Rd4 Kg5 99. Rf4 Kh5 100. Ra4 1/2-1/2

[Event "Saturday Apr 14 Engine Tour 9 Rd Swiss 12m+1s Starts at 1600hrs ST"]
[Site "Infinity Chess"]
[Date "2018.4.14"]
[Round "1"]
[White "Marsell"]
[Black "KRAKEN"]
[Result "1/2-1/2"]
[ECO "C55"]
[WhiteElo "2458"]
[BlackElo "2508"]
[WhiteEngine "BrainFish_180408_x64_bmi2"]
[BlackEngine "Raubfisch X38b_CTG"]
[EventType "Swiss"]
[WhiteTeam ""]
[BlackTeam ""]
[PlyCount "145"]
[TimeControl "720+1"]

1. e4 e5 2. Nf3 Nc6 3. Bc4 Nf6 4. d3 Bc5 5. c3 O-O 6. O-O d6 7. h3 a6 8. Re1 Ba7 
9. Bb3 h6 10. Nbd2 Re8 11. Nf1 Be6 12. Bc2 d5 13. Qe2 b5 14. Bd2 Qd7 15. Ng3 d4 
16. a4 Bc5 17. Rec1 Qd6 18. Nh4 Ne7 19. Qe1 Bb6 20. Nf3 Nc6 21. Rab1 Rad8 
22. Rd1 Bd7 23. axb5 axb5 24. Ne2 Nh5 25. cxd4 Qg6 26. Kh2 Nxd4 27. Nexd4 exd4 
28. b4 Qf6 29. Rdc1 g5 30. Ra1 c6 31. Qe2 Nf4 32. Bxf4 Qxf4+ 33. Kg1 Qd6 
34. Qd2 Bc7 35. Bb3 Qf6 36. Re1 Re7 37. Ra7 Bb8 38. Rb7 Bd6 39. Ra1 Kf8 
40. Bd1 Be8 41. Rba7 Rxa7 42. Rxa7 Qf4 43. Qb2 Be7 44. e5 Qf5 45. Be2 f6 
46. exf6 Qxf6 47. Nd2 Bg6 48. Ra6 Qe6 49. Nf1 h5 50. Qc2 Qc4 51. Qd1 Qc3 
52. Ra1 Rd6 53. Rb1 Qa3 54. Rb3 Qa2 55. Nd2 Re6 56. Bf3 Bd6 57. Be4 Bf4 
58. Nf3 Bxe4 59. dxe4 Rxe4 60. g3 g4 61. Nxd4 Bc7 62. hxg4 hxg4 63. Nf5 Bb6 
64. Qd6+ Kf7 65. Nh6+ Kg7 66. Nf5+ Kf7 67. Qd7+ Kf6 68. Qg7+ Kxf5 69. Qf7+ Ke5 
70. Qe7+ Kf5 71. Qf7+ Ke5 72. Qe7+ Kf5 73. Qf7+ 1/2-1/2

[Event "Saturday Apr 14 Engine Tour 9 Rd Swiss 12m+1s Starts at 1600hrs ST"]
[Site "Infinity Chess"]
[Date "2018.4.14"]
[Round "1"]
[White "THE_MACHINE"]
[Black "Murx"]
[Result "1/2-1/2"]
[ECO "B13"]
[WhiteElo "2559"]
[BlackElo "2463"]
[WhiteEngine "BrainFish_180411_x64_bmi2"]
[BlackEngine "asmFishW_2018-04-07_popcnt"]
[EventType "Swiss"]
[WhiteTeam ""]
[BlackTeam ""]
[PlyCount "91"]
[TimeControl "720+1"]

1. e4 c6 2. d4 d5 3. exd5 cxd5 4. Bd3 Nc6 5. c3 Qc7 6. h3 Nf6 7. Nf3 g6 
8. Qc2 Nh5 9. O-O Nf4 10. Bb5 Bg7 11. Be3 a6 12. Ba4 O-O 13. Qd2 Ne6 14. Na3 b5 
15. Bb3 Rd8 16. Rfe1 Na5 17. Bc2 Qd6 18. b4 Nb7 19. Bb3 Bd7 20. Qe2 f6 
21. Bd2 Re8 22. h4 Rac8 23. Nc2 Qc6 24. a4 Nd6 25. axb5 axb5 26. h5 g5 
27. Ra7 Rc7 28. Rea1 Bc8 29. Nfe1 Nc4 30. Bc1 h6 31. Nd3 Rxa7 32. Rxa7 Qb6 
33. Ra1 Nc7 34. Be3 Qc6 35. Nc5 Qd6 36. f3 f5 37. Bf2 e5 38. Qd1 Rf8 
39. dxe5 Bxe5 40. Nd4 g4 41. Bh4 g3 42. Qd3 Nb2 43. Qe2 Nc4 44. Qd3 Nb2 
45. Qe2 Nc4 46. Qd3 1/2-1/2

[Event "Saturday Night Engine Tour 7 rd Swiss 12m+1s Starts at 2200hrs"]
[Site "Infinity Chess"]
[Date "2018.4.22"]
[Round "7"]
[White "Vimtiroba"]
[Black "koalachess"]
[Result "1/2-1/2"]
[ECO "E10"]
[WhiteElo "2437"]
[BlackElo "2310"]
[WhiteEngine "AsmFish A12_CTG"]
[BlackEngine "asmFishW_2018-04-07_popcnt_CTG"]
[EventType "Swiss"]
[WhiteTeam ""]
[BlackTeam ""]
[PlyCount "126"]
[TimeControl "720+1"]

1. d4 Nf6 2. c4 e6 3. Nf3 d5 4. e3 b6 5. Nc3 Bb7 6. Qa4+ c6 7. cxd5 exd5 
8. Bd3 Be7 9. O-O O-O 10. Qc2 c5 11. b3 Nbd7 12. Bb2 Rc8 13. Rac1 Bd6 
14. Rfe1 Re8 15. Red1 a6 16. Qe2 b5 17. dxc5 Nxc5 18. Bf5 Rc7 19. Qd2 b4 
20. Na4 Nxa4 21. bxa4 Rxc1 22. Rxc1 Ne4 23. Qd4 Bf8 24. h3 h6 25. Nd2 Qg5 
26. Nxe4 dxe4 27. g4 Qh4 28. Qd7 Qe7 29. Kg2 a5 30. Rc2 Qxd7 31. Bxd7 Rd8 
32. Bb5 Bd5 33. Bd4 g6 34. Bb6 Ra8 35. Rd2 Be6 36. f4 Be7 37. Bd7 Ra6 
38. Bxe6 fxe6 39. Bc7 Bc5 40. Be5 Ra8 41. Kf2 Rc8 42. Ke2 Bf8 43. Kd1 Bg7 
44. Bd4 Bxd4 45. Rxd4 Rc3 46. Rxe4 Ra3 47. Rxe6 Kf7 48. Rd6 Rxa2 49. Rd7+ Ke6 
50. Rg7 Rxa4 51. Rxg6+ Kd5 52. Rb6 Ra1+ 53. Ke2 Ra2+ 54. Kd3 Kc5 55. Rb8 a4 
56. f5 a3 57. f6 Rf2 58. Rc8+ Kd6 59. Ra8 Rxf6 60. Kc4 Re6 61. Kxb4 Re4+ 
62. Kxa3 Rxe3+ 63. Kb4 Rxh3 1/2-1/2

[Event "Saturday Night Engine Tour 7 rd Swiss 12m+1s Starts at 2200hrs"]
[Site "Infinity Chess"]
[Date "2018.4.22"]
[Round "7"]
[White "TAIPAN54"]
[Black "SkyPilot"]
[Result "1/2-1/2"]
[ECO "A46"]
[WhiteElo "2481"]
[BlackElo "2447"]
[WhiteEngine "Raubfisch X38b1_CTG"]
[BlackEngine "stockfish_x64_bmi2_2018_04_07_CTG"]
[EventType "Swiss"]
[WhiteTeam ""]
[BlackTeam ""]
[PlyCount "136"]
[TimeControl "720+1"]

1. d4 Nf6 2. Nf3 d5 3. c4 e6 4. Nc3 c6 5. Bg5 h6 6. Bxf6 Qxf6 7. e3 Nd7 
8. Be2 g6 9. O-O Bg7 10. cxd5 exd5 11. b4 a6 12. a4 O-O 13. b5 Qd6 14. Qb3 a5 
15. Rfc1 Rd8 16. Rab1 Nf8 17. Qd1 Rb8 18. Qd2 Ne6 19. Bd1 Bd7 20. h3 Re8 
21. Bc2 Red8 22. Ne1 c5 23. dxc5 Nxc5 24. Nf3 Rbc8 25. Ne2 b6 26. Nf4 Qb8 
27. Nd4 Qd6 28. Nf3 Qb8 29. Qd1 Be8 30. Qe1 Kh7 31. Ne2 Qc7 32. Rd1 Qe7 
33. Nfd4 Ne6 34. Bb3 Nc5 35. Bc2 Ne6 36. Rbc1 Qb4 37. Qxb4 axb4 38. Kf1 Be5 
39. Bb3 Nc5 40. Rb1 Nxb3 41. Rxb3 Bd6 42. Rbb1 g5 43. Nc6 Bxc6 44. bxc6 Rxc6 
45. Rxd5 Rcc8 46. Rb5 Bc5 47. a5 bxa5 48. Rxa5 Bf8 49. Rb5 Rb8 50. Rxb8 Rxb8 
51. Nd4 Kg6 52. Ke2 Bd6 53. Kd3 h5 54. Nc6 Rc8 55. Nxb4 Rb8 56. Kc4 Kf5 
57. f3 Bf8 58. Rb2 Rc8+ 59. Kb3 Bxb4 60. Kxb4 Kg6 61. Kb3 Rc1 62. Rc2 Re1 
63. e4 g4 64. fxg4 hxg4 65. hxg4 f6 66. Rb2 Rxe4 67. Kc3 Rxg4 68. Rc2 Rg3+ 
1/2-1/2